 Dungeon Crawl Stone Soup version 0.25.0-33-gff14898491 (webtiles) character file.

Game seed: 8258067975061195367

41 Ijustatesigmund the Chopper (level 3, -5/26 HPs)
             Began as an Octopode Gladiator on July 7, 2020.
             Blown up by Ijyb (31 damage)
             ... with a disintegration bolt
             ... on level 3 of the Dungeon.
             The game lasted 00:03:33 (1550 turns).

Ijustatesigmund the Chopper (Octopode Gladiator)    Turns: 1550, Time: 00:03:33

Health: -5/26      AC:  1    Str: 13    XL:     3   Next: 52%
Magic:  3/3        EV: 14    Int:  8    God:
Gold:   135        SH:  0    Dex: 14    Spells: 2/2 levels left

rFire    . . .     SeeInvis .   a - +1 war axe
rCold    + . .     Gourm    .   (no shield)
rNeg     . . .     Faith    .   b - +0 hat
rPois    +         Spirit   .   l - amulet of regeneration
rElec    .         Reflect  .   h - ring of protection from cold
rCorr    .         Harm     .   (no ring)
MR       .....                  (no ring)
Stlth    ++........             (no ring)
HPRegen  0.48/turn              (no ring)
MPRegen  0.08/turn              (no ring)
                                (no ring)
                                (no ring)

@: no status effects
A: almost no armour, stealthy swim, amphibious, 8 rings, constrict 8, camouflage
1, dopey 1, poison resistance, gelatinous body 1, MP-powered wands
a: no special abilities


You were on level 3 of the Dungeon.
You were not hungry.

You visited 1 branch of the dungeon, and saw 3 of its levels.

You collected 135 gold pieces.

Inventory:

Hand Weapons
 a - a +1 war axe (weapon)
Missiles
 c - 3 throwing nets (quivered)
 g - 19 poisoned darts
Armour
 b - a +0 hat (worn)
Jewellery
 h - a ring of protection from cold (left tentacle)
 l - an amulet of regeneration (around mantle)
Scrolls
 i - 2 scrolls of teleportation
 k - a scroll of remove curse {unknown}
 n - a scroll of enchant armour {unknown}
Potions
 e - 2 potions of degeneration {unknown}
 j - a potion of stabbing
 m - a potion of cancellation
Comestibles
 d - 5 rations
 f - 4 chunks of flesh


   Skills:
 + Level 3.0 Fighting
 + Level 3.8 Axes
 - Level 2.0 Throwing
 - Level 3.0 Dodging


You had 2 spell levels left.
You didn't know any spells.
Your spell library was empty.

Dungeon Overview and Level Annotations

Branches:
Dungeon (3/15)

Altars:
Cheibriados
Dithmenos
Elyvilon
Gozag
Hepliaklqana
Vehumet
Wu Jian

Annotations:
D:3 Ijyb


Innate Abilities, Weirdness & Mutations

You cannot wear most types of armour.
You are very stealthy in the water. (Stealth+)
You are amphibious.
You can wear up to eight rings at the same time.
You can use your tentacles to constrict eight enemies at once.
Your skin changes colour to match your surroundings (Stealth+).
Your rubbery body absorbs attacks. (AC +1, EV +1)
You are dopey. (Int -2)
Your system is resistant to poisons. (rPois)
You expend magic power (3 MP) to strengthen your wands.


Message History

No target in view!
You butcher the frilled lizard corpse.
f - 4 chunks of flesh (gained 1)
Things that are here:
a stone; a frilled lizard skeleton
Things that are here:
a stone; a frilled lizard skeleton
Things that are here:
2 stones; a kobold corpse
Things that are here:
a stone; a frilled lizard skeleton You see here a stone.
You see here a robe.
You now have 121 gold pieces (gained 11).
You now have 135 gold pieces (gained 14).
Ijyb the Twisted Goblin comes into view.
She is wielding a +0 club, wearing a +3 leather armour of fire resistance and carrying a wand of disintegration (16).
Ijyb shouts!
Ijyb zaps a wand.
You are blasted!
Ouch! That really hurt!
You die...

.........................
############.##.#.#######
#.##.#.# ###### #.##.#.#
.....# #.##.#.. .....#
#.##.### .....# #.##.#
.....#######.##.#######.
.....'.......##.@..g....
.....##################.
.....# .....# .....#
######


You could see Ijyb.

Vanquished Creatures
  2 dart slugs (D:1)
  2 leopard geckos
  A giant cockroach (D:3)
  5 goblins
  3 hobgoblins
  3 jackals (D:2)
  3 bats
  5 frilled lizards
  5 kobolds
  9 rats
38 creatures vanquished.

Notes
Turn   | Place    | Note
-------+----------+-------------------------------------------
     0 | D:1      | Ijustatesigmund the Octopode Gladiator began the quest for
                  | the Orb.
     0 | D:1      | Reached XP level 1. HP: 14/14 MP: 1/1
   128 | D:1      | Reached XP level 2. HP: 7/20 MP: 2/2
   888 | D:2      | Reached XP level 3. HP: 25/25 MP: 3/3
  1056 | D:2      | Found a hazy altar of Hepliaklqana.
  1236 | D:2      | Found an opulent altar of Gozag.
  1237 | D:2      | Found a white marble altar of Elyvilon.
  1237 | D:2      | Found a shadowy altar of Dithmenos.
  1237 | D:2      | Found an ornate altar of the Wu Jian Council.
  1245 | D:2      | Found a radiant altar of Vehumet.
  1245 | D:2      | Found a snail-covered altar of Cheibriados.
  1254 | D:2      | Gained mutation: Your muscles are strong. (Str +2) [potion
                  | of mutation]
  1254 | D:2      | Gained mutation: You are occasionally teleported next to
                  | monsters. [potion of mutation]
  1254 | D:2      | Gained mutation: You expend magic power (3 MP) to
                  | strengthen your wands. [potion of mutation]
  1255 | D:2      | Lost mutation: Your muscles are strong. (Str +2) [potion of
                  | mutation]
  1255 | D:2      | Lost mutation: You are occasionally teleported next to
                  | monsters. [potion of mutation]
  1255 | D:2      | Gained mutation: You are clumsy. (Dex -2) [potion of
                  | mutation]
  1255 | D:2      | Gained mutation: Your system is resistant to poisons.
                  | (rPois) [potion of mutation]
  1255 | D:2      | Gained mutation: You are dopey. (Int -2) [potion of
                  | mutation]
  1255 | D:2      | Lost mutation: You are clumsy. (Dex -2) [potion of
                  | mutation]
  1381 | D:3      | Found an opulent altar of Gozag.
  1549 | D:3      | Noticed Ijyb
  1550 | D:3      | Blown up by Ijyb

Illustrated notes

Levels and vault maps discovered:
D:1:      lemuel_arrival_broad_hall, layout_basic, minmay_door_square
D:2:      layout_rooms, lemuel_crystal_altar, minmay_overflow_temple_hex,
          first_ration
D:3:      layout_basic, biasface_ghost_orc_armoury, minivault_14,
          kennysheep_another_room, grunt_gozag_statues, uniq_ijyb

Skill      XL: |  1  2  3 |
---------------+----------+-----
Fighting       | 3 |  3.0
Axes           | |  3.8
Throwing       | |  2.0
Dodging        | |  3.0

Action                   || total
-------------------------++-------
Melee: War axe           ||    54
       Constrict         ||    14
       Tentacles         ||     9
  Use: Scroll            ||     6
       Potion            ||     2
 Stab: Sleeping          ||    11
       Distracted        ||     1
  Eat: Chunk             ||     2
Armor: Skin              ||     1
Dodge: Dodged            ||    29
